 Dungeon Crawl Stone Soup version 0.22-a0-480-g991dd4b2b4 (webtiles) character file.

175167 Faustar the Sorcerer (level 16, 0/127 HPs)
             Began as a Mummy Summoner on June 16, 2018.
             Was the Champion of Yredelemnul.
             Slain by a deep troll (14 damage)
             ... on level 1 of the Depths.
             The game lasted 04:25:24 (53771 turns).

Faustar the Sorcerer (Mummy Summoner)              Turns: 53771, Time: 04:25:24

Health: 0/127      AC: 12    Str: 11    XL:     16   Next: 91%
Magic:  49/51      EV: 12    Int: 27    God:    Yredelemnul [******]
Gold:   2472       SH:  8    Dex: 13    Spells: 23/59 levels left

rFire    . . .     SeeInvis +   B - staff of cold
rCold    + + .     Gourm    .   f - +3 buckler
rNeg     + + +     Faith    .   E - +2 robe {rF+}
rPois    ∞         Spirit   .   G - +2 helmet "Goleud" {Int+3}
rElec    +         Reflect  .   b - +0 cloak
rCorr    .         Harm     .   J - +0 pair of gloves "Byahyesm" {rElec rN+ Int+3}
MR       ++...                  a - +2 pair of boots {Stlth+}
Stlth    +++.......             h - amulet of regeneration
HPRegen  0.71/turn              D - ring of magical power
MPRegen  0.32/turn              r - ring of see invisible

@: no status effects
A: no food or potions, fire vulnerability, cold resistance 1, negative energy
resistance 3, torment resistance, unbreathing, in touch with death 1
}: 2/15 runes: barnacled, gossamer
a: Recall Undead Slaves, Injury Mirror, Animate Dead, Drain Life, Enslave Soul,
Renounce Religion


You were on level 1 of the Depths.
You worshipped Yredelemnul.
Yredelemnul was exalted by your worship.
You were not hungry.

You visited 7 branches of the dungeon, and saw 34 of its levels.
You also visited: Labyrinth.

You collected 2995 gold pieces.
You spent 523 gold pieces at shops.

Inventory:

Hand Weapons
 O - the cursed +1 great mace "Poschakh" {venom, rPois rF+ Stlth+}
   (You found it on level 1 of the Depths)

   It poisons the flesh of those it strikes.
   It protects you from fire.
   It protects you from poison.
   It makes you more stealthy.
   It has a curse placed upon it.
Armour
 a - a +2 pair of boots of stealth (worn)
 b - a +0 cloak (worn)
 f - a +3 buckler (worn)
 m - the +5 pair of gloves of Beauty {rCorr Str+4 Dex+3}
   (You acquired it on level 4 of the Lair of Beasts)

   It affects your strength (+4).
   It affects your dexterity (+3).
   It protects you from acid and corrosion.
 E - a +2 robe of fire resistance (worn)
 G - the +2 helmet "Goleud" (worn) {Int+3}
   (You acquired it on level 4 of the Lair of Beasts)

   It affects your intelligence (+3).
 J - the +0 pair of gloves "Byahyesm" (worn) {rElec rN+ Int+3}
   (You acquired it on level 4 of the Lair of Beasts)

   It affects your intelligence (+3).
   It insulates you from electricity.
   It protects you from negative energy.
Magical Staves
 k - an uncursed staff of conjuration
 n - a cursed staff of death
 B - an uncursed staff of cold (weapon)
 P - an uncursed staff of earth
Jewellery
 h - an amulet of regeneration (around neck)
 q - an uncursed ring of fire
 r - a ring of see invisible (right hand)
 s - an uncursed ring of protection from magic
 v - an uncursed ring of protection from fire
 x - an uncursed ring of protection from cold
 C - an uncursed ring of wizardry
 D - a ring of magical power (left hand)
 K - an uncursed amulet of magic regeneration
 R - a +2 amulet of reflection
Wands
 c - a wand of polymorph (41)
 j - a wand of disintegration (11)
 p - a wand of acid (2)
 u - a wand of enslavement (6)
 H - a wand of flame (30)
 I - a wand of scattershot (3)
 L - a wand of paralysis (26)
 N - a wand of digging (9)
 Q - a wand of random effects (9)
 T - a wand of iceblast (7)
Scrolls
 d - 27 scrolls of teleportation
 e - 8 scrolls of fear
 g - 4 scrolls of blinking
 i - 5 scrolls of amnesia
 l - 17 scrolls of remove curse
 o - 4 scrolls of enchant weapon
 t - 20 scrolls of identify
 w - a scroll of magic mapping
 y - 2 scrolls of immolation
 A - a scroll of fog
 F - a scroll of torment
 M - a scroll of brand weapon
 S - a scroll of silence
Miscellaneous
 z - a lamp of fire


   Skills:
 + Level 11.6 Fighting
 - Level 1.8 Dodging
 - Level 1.8 Stealth
 - Level 4.0 Shields
 - Level 22.0 Spellcasting
 - Level 2.0 Conjurations
 - Level 5.0 Hexes
 - Level 15.0 Summonings
 - Level 3.0 Translocations
 - Level 6.0 Ice Magic
 - Level 3.0 Air Magic
 - Level 3.0 Poison Magic
 - Level 6.0 Invocations


You had 23 spell levels left.
You knew the following spells:

 Your Spells              Type           Power        Failure   Level  Hunger
a - Summon Small Mammal   Summ           ####         0%          1    N/A
b - Call Imp              Summ           #######.     0%          2    N/A
c - Call Canine Familiar  Summ           #######.     0%          3    N/A
d - Summon Ice Beast      Ice/Summ       #######.     1%          4    N/A
e - Summon Lightning Spi  Summ/Air       ######..     1%          4    N/A
f - Blink                 Tloc           N/A          1%          2    N/A
g - Mephitic Cloud        Conj/Pois/Air  #####...     1%          3    N/A
h - Confuse               Hex            ######..     1%          3    N/A
i - Ozocubu's Armour      Chrm/Ice       ######..     1%          3    N/A
j - Throw Icicle          Conj/Ice       ######..     2%          4    N/A
k - Summon Hydra          Summ           #######...   2%          7    N/A

Your spell library contained the following spells:

 Spells                   Type           Power        Failure   Level  Hunger
 Magic Dart               Conj           ####         1%          1    N/A
 Conjure Flame            Conj/Fire      #####...     2%          3    N/A
 Bolt of Magma            Conj/Fire/Erth ####......   26%         5    N/A
 Slow                     Hex            ######..     1%          2    N/A
 Throw Frost              Conj/Ice       ######       1%          2    N/A
 Venom Bolt               Conj/Pois      #####.....   12%         5    N/A
 Teleport Other           Tloc           #####...     1%          3    N/A
 Iskenderun's Mystic Bla  Conj           #####...     5%          4    N/A
 Freeze                   Ice            ####         1%          1    N/A
 Tukima's Dance           Hex            ######..     1%          3    N/A
 Corpse Rot               Necr           N/A          1%          2    N/A
 Iron Shot                Conj/Erth      #####.....   77%         6    N/A
 Stone Arrow              Conj/Erth      #####.       2%          3    N/A
 Confusing Touch          Hex            ######       1%          1    N/A
 Ensorcelled Hibernation  Hex/Ice        ######       1%          2    N/A
 Metabolic Englaciation   Hex/Ice        ######....   3%          5    N/A
 Silence                  Hex/Air        ######....   7%          5    N/A
 Corona                   Hex            ######.      1%          1    N/A
 Passage of Golubria      Tloc           N/A          3%          4    N/A
 Orb of Destruction       Conj           #####.....   99%         7    N/A
 Leda's Liquefaction      Hex/Erth       #####.....   4%          4    N/A
 Darkness                 Hex            ######....   24%         6    N/A
 Shroud of Golubria       Chrm/Tloc      #####.....   1%          2    N/A
 Iskenderun's Battlesphe  Conj/Chrm      #####...     22%         5    N/A
 Fulminant Prism          Conj/Hex       #####.....   3%          4    N/A
 Dazzling Spray           Conj/Hex       #####.       1%          3    N/A
 Force Lance              Conj/Tloc      #####...     4%          4    N/A
 Searing Ray              Conj           #####.       1%          2    N/A
 Summon Forest            Summ/Tloc      ######....   1%          5    N/A
 Summon Guardian Golem    Hex/Summ       ######..     1%          3    N/A
 Spellforged Servitor     Conj/Summ      ######....   32%         7    N/A
 Hydra Form               Tmut           ####......   88%         6    N/A
 Gell's Gravitas          Tloc           #####.....   1%          3    N/A
 Lesser Beckoning         Tloc           #####.....   1%          3    N/A

Dungeon Overview and Level Annotations

Branches:
Dungeon (15/15)            Temple (1/1) D:4            Lair (6/6) D:9
 Shoals (4/4) Lair:3       Spider (4/4) Lair:4        Slime (0/5) Lair:6
    Orc (2/2) D:11            Elf (0/3) Orc:2        Vaults (0/5) D:13
 Depths (2/5) D:15

Altars:
Ashenzari
Cheibriados
Dithmenos
Elyvilon
Fedhas
Gozag
Hepliaklqana
Kikubaaqudgha
Makhleb
Nemelex Xobeh
Okawaru
Qazlal
Ru
Sif Muna
Trog
Uskayaw
Vehumet
Wu Jian
Xom
Yredelemnul
Zin
The Shining One
Beogh

Shops:
D:10 =   D:11 [   Orc:1 (   Orc:2 }![*   Shoals:3 *   Depths:2 *

Portals:
Hell: Depths:1

Annotations:
D:15 Roxanne
Lair:5 1 runed door


Innate Abilities, Weirdness & Mutations

You do not eat or drink.
Your flesh is vulnerable to fire.
You are immune to poison.
Your flesh is cold resistant. (rC+)
You are immune to negative energy. (rN+++)
You are immune to unholy pain and torment.
You can survive without breathing.
You are in touch with the powers of death.


Message History

g - Guard the area. f - Follow me.
Anything else - Cancel.
Gang up on whom?
Press: ? - help, Dir - move target cursor, f - cyan very ugly thing
Aim: a cyan very ugly thing (moderately wounded)
Okay, then.
Unknown command.
You swap places.
The tengu reaver points at you and mumbles some strange words.
The bolt of lightning hits your ogre mage zombie.
Your ogre mage zombie is destroyed!
The bolt of lightning hits your ghoul. The bolt of lightning hits you!
You resist.
* * * LOW HITPOINT WARNING * * *
The bolt of lightning hits your ogre zombie.
Your ogre zombie is destroyed!
Your ogre mage zombie misses the tengu reaver.
The deep troll bites you!
You die...
Yredelemnul claims you as an undead slave. #.##.#(A#zZ?##.#....# ##.###Z##WV.##.#.....# .#.# ##(##.##.###...## .#.# #[#z###.#.##...# ...# ####W#.#####Z..# ...# #.#.#.# #uZ.## ...# ####### #ZZZz#

.)[##############ZZZZ#
...............)@n>.Q#
...............ZTZZZ##
...#.....#.#######Z##
...).....#.#######Z#
##..####.........#.#
#..##..##...####z#.#
....#)))'...# #.#)#
..§##..##...# #.#.#
....####....####.#V#


You could see a cyan very ugly thing, a tengu reaver, a deep troll, a friendly
ghoul, a friendly skeletal warrior, a friendly catoblepas zombie, a friendly
fire dragon zombie, a friendly iron dragon zombie, 3 friendly yaktaur zombies, 3
friendly two-headed ogre zombies, a friendly ogre mage zombie, 3 friendly stone
giant zombies, a friendly frost giant zombie and a friendly deep elf mage
skeleton.

Vanquished Creatures
  An orc warlord (Orc:2)
  A merfolk javelineer (Shoals:1)
  Harold (D:10)
  A two-headed ogre (Depths:1)
  A tengu zombie (Depths:2)
  A deep elf mage (Orc:2)
  A faun (Shoals:2)
  3 jumping spiders (Spider:2)
  2 merfolk (Shoals:1)
  A redback (Spider:4)
  A hog (Spider:2)
  A warg (Orc:2)
  An orc warrior (Orc:2)
  An ogre (Orc:2)
  A bullfrog (D:13)
  A crimson imp (D:15)
  A centaur zombie (Shoals:4)
  2 orc priests (Orc:2)
  A bullfrog skeleton (D:4)
  2 orc wizards (Orc:2)
  A centaur skeleton (D:7)
  A gnoll (D:2)
  2 adders
  An ooze (D:7)
  A dart slug (D:1)
  4 leopard geckos
  2 orcs
  5 bats
  2 giant cockroaches
  3 goblins
  3 hobgoblins (D:2)
  A jackal (D:6)
  A quokka (D:5)
  2 ball pythons (D:1)
  2 frilled lizards
  A jackal zombie (D:8)
  6 kobolds
  An orc zombie (Orc:2)
  8 rats
72 creatures vanquished.

Vanquished Creatures (collateral kills)
  Arachne (Spider:3)
  Kirke (Spider:2)
  Donald (Spider:2)
  A frost giant (Depths:1)
  Ilsuiw (Shoals:4)
  5 ghost moths
  2 fire giants (Depths:2)
  7 emperor scorpions
  An iron dragon (Depths:1)
  2 orc warlords
  4 very ugly things (Depths:2)
  5 stone giants (Depths:1)
  3 entropy weavers
  The ghost of brujo666 the Basher, a journeyman DgGl (Lair:6)
  A spark wasp (Spider:4)
  An ettin (Depths:1)
  Josephine (D:15)
  4 merfolk javelineers
  3 fire dragons
  4 merfolk impalers
  Erolcha (D:13)
  A vault guard (D:13)
  A slime creature (D:13)
  2 ice dragons
  A rakshasa (Depths:2)
  16 hydras
  An alligator snapping turtle (Shoals:4)
  7 centaur warriors
  7 merfolk avatars
  6 catoblepae
  A deep troll earth mage (D:14)
  19 two-headed ogres
  6 merfolk aquamancers
  A queen ant (Spider:2)
  Urug (D:13)
  6 orc high priests
  4 ogre magi
  Sonja (Orc:2)
  2 unseen horrors (D:13)
  4 skeletal warriors (D:13)
  A deep troll (Depths:1)
  A flayed ghost (Depths:1)
  3 fire crabs
  10 sea snakes
  A deep elf archer (Orc:1)
  Pikel (D:5)
  An obsidian statue (D:15)
  A wizard (D:8)
  13 harpies
  3 necromancers
  The ghost of gorpus the Grave Robber, a novice VSNe of Cheibriados (D:8)
  7 orc knights
  6 orc sorcerers
  2 oklob plants (Lair:1)
  18 orb spiders
  18 ugly things
  The ghost of
  123456 the Cudgeler, a novice FoFi (D:4)
  9 deep elf magi
  The ghost of brujo666 the Basher, a novice DgGl (D:6)
  30 wolf spiders
  9 fauns
  12 cyclopes
  19 manticores
  A moth of wrath (Spider:4)
  A frost giant skeleton (Depths:2)
  Psyche (D:8)
  3 black mambas
  4 water nymphs
  11 merfolk sirens
  13 elephants
  3 centaur zombies
  3 torpor snails
  A gargoyle (D:14)
  14 spiny frogs
  4 rime drakes
  A spriggan zombie (Depths:2)
  9 komodo dragons
  3 centaur skeletons
  3 efreet (Depths:1)
  3 redback zombies
  17 demonic crawlers
  8 yaktaurs (Depths:1)
  5 tengu conjurers
  A harpy zombie (D:15)
  3 meliai (Spider:4)
  8 trolls
  27 merfolk
  3 polar bears (Lair:6)
  3 wind drakes
  37 jumping spiders
  10 hornets
  2 snapping turtles
  3 blink frogs (Lair:3)
  6 dream sheep
  11 hippogriffs
  99 redbacks
  An ettin skeleton (Depths:2)
  14 water elementals
  6 wyverns
  2 vampires
  4 wraiths
  2 shadows (D:14)
  36 yaks
  23 tarantellas
  5 basilisks
  2 hogs (Spider:2)
  A fire bat (Shoals:4)
  A human (shapeshifter) (Depths:1)
  4 vampire mosquitoes (D:13)
  2 hungry ghosts
  2 wargs
  An acid dragon (D:11)
  Edmund (D:6)
  An orb spider zombie (Spider:4)
  9 soldier ants (Spider:2)
  A water moccasin (shapeshifter) (Depths:2)
  8 porcupines
  51 orc warriors
  13 water moccasins
  3 black bears
  3 phantoms
  An eye of draining (D:11)
  4 slaves (D:5)
  3 ettin simulacra (Depths:1)
  2 sky beasts
  A necrophage (D:13)
  5 ice beasts
  4 boggarts (Depths:1)
  24 centaurs
  32 ogres
  12 crocodiles
  7 big kobolds
  Blork the orc (D:3)
  11 bullfrogs
  4 gnoll sergeants (D:11)
  5 earth elementals (Depths:1)
  A wyvern skeleton (D:12)
  5 scorpions
  9 killer bees
  A water moccasin skeleton (D:4)
  8 wights
  4 electric eels
  6 howler monkeys
  8 crimson imps
  5 jellies
  3 quasits
  8 hounds
  A bullfrog skeleton (D:11)
  34 orc priests
  4 iguanas
  33 worker ants
  23 orc wizards
  A hound skeleton (D:7)
  A worker ant zombie (D:10)
  2 gnolls (D:2)
  18 adders
  3 shadow imps
  2 oozes (D:1)
  An adder zombie (D:5)
  2 adder skeletons
  4 worms
  2 dart slugs
  4 leopard geckos
  127 orcs
  5 bats
  7 giant cockroaches
  6 goblins
  3 hobgoblins
  10 jackals
  3 quokkas
  2 ball pythons
  A ball python skeleton (D:4)
  6 frilled lizards
  14 kobolds
  2 orc zombies
  4 rats
  9 fungi
  65 plants
1395 creatures vanquished.

Vanquished Creatures (others)
  2 profane servitors (Depths:2)
  A fire giant (Depths:1)
  3 ghouls (Shoals:4)
  3 vampire knights
  Arachne zombie (Spider:3)
  6 skeletal warriors
  6 flayed ghosts
  A phantasmal warrior (Spider:1)
  7 wolf spider zombies
  An ugly thing zombie (D:13)
  2 sea snake zombies
  22 redback zombies
  3 harpy zombies (Shoals:3)
  2 demonic crawler zombies
  A catoblepas skeleton (Depths:1)
  9 jumping spider zombies
  6 merfolk zombies
  2 tarantella zombies
  A meliai zombie (Spider:4)
  2 wraiths (D:13)
  8 flying skulls
  5 vampires
  3 wind drake zombies
  2 faun zombies (Shoals:2)
  A spiny frog zombie (Lair:6)
  4 two-headed ogre zombies
  3 orb spider zombies
  An elephant zombie (Lair:6)
  3 hornet zombies
  A manticore zombie (Shoals:4)
  2 dream sheep zombies (Lair:6)
  A boggart (Depths:1)
  A merfolk skeleton (Shoals:2)
  2 hog zombies (Spider:2)
  A rime drake zombie (Lair:6)
  A vampire mosquito zombie (D:13)
  2 komodo dragon zombies (Lair:6)
  3 cyclops zombies
  2 wyvern zombies
  A water moccasin zombie (Lair:6)
  A polar bear zombie (Lair:6)
  3 troll zombies
  2 troll skeletons
  3 wights
  2 bullfrog zombies
  9 centaur zombies
  A basilisk zombie (Lair:6)
  A soldier ant zombie (Spider:2)
  A bullfrog skeleton (D:11)
  A centaur skeleton (D:15)
  11 ogre zombies
  A big kobold zombie (D:11)
  2 mummies
  A howler monkey zombie (D:12)
  7 worker ant zombies
  A gnoll skeleton (D:11)
  3 orc skeletons
  2 adder zombies
  An orc (Orc:2)
  A jackal skeleton (D:11)
  62 orc zombies
  17 fungi
  32 plants
293 creatures vanquished.

Grand Total: 1760 creatures vanquished

Notes
Turn   | Place    | Note
-------+----------+-------------------------------------------
     0 | D:1      | Faustar the Mummy Summoner began the quest for the Orb.
     0 | D:1      | Reached XP level 1. HP: 13/13 MP: 4/4
   267 | D:1      | Reached XP level 2. HP: 17/19 MP: 0/5
   283 | D:1      | Reached skill level 3 in Spellcasting
   423 | D:1      | Learned a level 2 spell: Call Imp
   530 | D:1      | Reached XP level 3. HP: 19/24 MP: 8/8
   600 | D:1      | Reached skill level 4 in Spellcasting
  1411 | D:2      | Reached XP level 4. HP: 10/30 MP: 1/10
  1421 | D:2      | Reached skill level 5 in Spellcasting
  2737 | D:3      | Reached skill level 6 in Spellcasting
  2931 | D:3      | Reached XP level 5. HP: 35/35 MP: 6/13
  3495 | D:4      | Noticed Blork the orc
  3508 | D:3      | Killed Blork the orc
  3586 | D:4      | Reached skill level 7 in Spellcasting
  3622 | D:4      | Noticed 123456's ghost (novice FoFi)
  3715 | D:3      | Learned a level 3 spell: Call Canine Familiar
  3956 | D:4      | Reached XP level 6. HP: 18/41 MP: 5/16
  4352 | D:4      | Killed 123456's ghost
  4352 | D:4      | Reached skill level 8 in Spellcasting
  4361 | D:4      | Reached skill level 9 in Spellcasting
  4499 | D:4      | Reached XP level 7. HP: 39/46 MP: 8/19
  4785 | D:4      | Found a staircase to the Ecumenical Temple.
  5019 | D:5      | Entered Level 5 of the Dungeon
  6039 | D:5      | Reached skill level 5 in Summonings
  6340 | D:5      | Noticed Pikel
  6363 | D:5      | Killed Pikel
  6363 | D:5      | Reached XP level 8. HP: 37/52 MP: 8/21
  7200 | D:6      | Learned a level 4 spell: Summon Ice Beast
  7277 | D:6      | Noticed brujo666's ghost (novice DgGl)
  7640 | D:6      | Noticed Edmund
  7656 | D:6      | Killed Edmund
  7747 | D:6      | Reached skill level 1 in Ice Magic
  9735 | D:8      | Noticed Psyche
  9750 | D:8      | Killed Psyche
  9756 | D:8      | Learned a level 4 spell: Summon Lightning Spire
  9880 | D:8      | Noticed a wizard
  9880 | D:8      | Noticed a wizard
  9880 | D:8      | Noticed an orc sorcerer
 10111 | D:8      | Noticed a sun demon
 10120 | D:8      | Killed an orc sorcerer
 10120 | D:8      | Reached skill level 1 in Air Magic
 10120 | D:8      | Reached XP level 9. HP: 31/57 MP: 16/22
 10429 | D:8      | Noticed gorpus's ghost (novice VSNe)
 10439 | D:8      | Killed gorpus's ghost
 10463 | D:8      | Killed a wizard
 11141 | D:6      | Killed brujo666's ghost
 12493 | D:8      | Found a sacrificial altar of Ru.
 12636 | Temple   | Entered the Ecumenical Temple
 13100 | D:9      | Reached skill level 1 in Fighting
 13297 | D:9      | Found an iron altar of Okawaru.
 13332 | D:9      | Noticed a two-headed ogre
 13349 | D:9      | Killed a two-headed ogre
 13895 | D:9      | Found an ornate altar of the Wu Jian Council.
 13900 | D:9      | Found a white marble altar of Elyvilon.
 13900 | D:9      | Found a basalt altar of Yredelemnul.
 13905 | D:9      | Found a sparkling altar of Nemelex Xobeh.
 14006 | D:9      | Found a staircase to the Lair.
 14095 | D:9      | Became a worshipper of Yredelemnul the Dark
 14125 | D:10     | Entered Level 10 of the Dungeon
 14125 | D:10     | Noticed Harold
 14170 | D:10     | Learned a level 2 spell: Blink
 14178 | D:10     | Found Konoll's Jewellery Shoppe.
 14529 | D:10     | Reached skill level 1 in Translocations
 14560 | D:10     | Reached XP level 10. HP: 73/73 MP: 1/23
 14636 | D:10     | Killed Harold
 14944 | D:10     | Reached * piety under Yredelemnul
 15131 | D:10     | Noticed a cyclops
 15146 | D:10     | Killed a cyclops
 15146 | D:10     | Reached skill level 5 in Fighting
 15549 | Lair:1   | Entered Level 1 of the Lair of Beasts
 16142 | Lair:1   | Reached skill level 10 in Spellcasting
 16486 | Lair:1   | Noticed an oklob plant
 16511 | Lair:1   | Killed an oklob plant
 16512 | Lair:1   | Noticed an oklob plant
 16527 | Lair:1   | Killed an oklob plant
 16844 | Lair:2   | Reached skill level 11 in Spellcasting
 17053 | Lair:2   | Noticed a catoblepas
 17070 | Lair:2   | Killed a catoblepas
 17179 | Lair:2   | Noticed a spiny frog
 17189 | Lair:2   | Killed a spiny frog
 17189 | Lair:2   | Reached ** piety under Yredelemnul
 17259 | Lair:2   | Noticed a spiny frog
 17289 | Lair:2   | Killed a spiny frog
 17289 | Lair:2   | Reached skill level 12 in Spellcasting
 17607 | Lair:2   | Found an ancient bone altar of Kikubaaqudgha.
 17862 | Lair:2   | Reached XP level 11. HP: 81/81 MP: 12/27
 18563 | Lair:3   | Noticed a seven-headed hydra
 18792 | Lair:3   | Found the +7 Kryia's mail coat {PotionHeal*2 rC+}
 18936 | Lair:3   | Killed a seven-headed hydra
 19308 | Lair:3   | Found a staircase to the Shoals.
 19773 | Lair:4   | Noticed a seven-headed hydra
 19773 | Lair:4   | Noticed a five-headed hydra
 19827 | Lair:4   | Found a labyrinth entrance.
 19835 | Lair:4   | Reached skill level 13 in Spellcasting
 19840 | Lab      | Entered a labyrinth
 20344 | Lab      | Noticed a minotaur
 20548 | Lair:4   | Noticed an eight-headed hydra
 20560 | Lair:4   | Killed an eight-headed hydra
 20704 | Lair:4   | Reached skill level 10 in Summonings
 20752 | Lair:4   | Noticed a five-headed hydra
 20758 | Lair:4   | Killed a five-headed hydra
 20761 | Lair:4   | Identified 4 scrolls of acquirement
 20763 | Lair:4   | Got a pair of steaming gloves
 20769 | Lair:4   | Identified the +0 pair of gloves of Eternal Vigilance {rElec rN++} (You acquired it on level 4 of the Lair of Beasts)
 20770 | Lair:4   | Got a pair of scorched gloves
 20781 | Lair:4   | Identified the +0 pair of gloves "Byahyesm" {rElec rN+ Int+3} (You acquired it on level 4 of the Lair of Beasts)
 20785 | Lair:4   | Got a pair of smoking gloves
 20787 | Lair:4   | Got a twisted helmet
 20798 | Lair:4   | Identified the +5 pair of gloves of Beauty {rCorr Str+4 Dex+3} (You acquired it on level 4 of the Lair of Beasts)
 20808 | Lair:4   | Identified the +2 helmet "Goleud" {Int+3} (You acquired it on level 4 of the Lair of Beasts)
 20825 | Lair:4   | Killed a seven-headed hydra
 20841 | Lair:4   | Killed a five-headed hydra
 20889 | Lair:4   | Noticed a seven-headed hydra
 20899 | Lair:4   | Killed a seven-headed hydra
 21097 | Lair:4   | Noticed a four-headed hydra
 21105 | Lair:4   | Killed a four-headed hydra
 21346 | Lair:4   | Reached *** piety under Yredelemnul
 21350 | Lair:4   | Found a hole to the Spider Nest.
 21717 | Lair:5   | Reached skill level 14 in Spellcasting
 21892 | Lair:5   | Noticed an eight-headed hydra
 21900 | Lair:5   | Killed an eight-headed hydra
 22372 | Lair:5   | Reached XP level 12. HP: 88/88 MP: 17/30
 22699 | Lair:5   | Noticed a seven-headed hydra
 22708 | Lair:5   | Killed a seven-headed hydra
 22954 | Lair:5   | Found a runed door.
 22965 | Lair:6   | Entered Level 6 of the Lair of Beasts
 22965 | Lair:6   | Noticed a four-headed hydra
 22971 | Lair:6   | Killed a four-headed hydra
 23051 | Lair:6   | Noticed brujo666's ghost (journeyman DgGl)
 23219 | Lair:6   | Found a staircase to the Slime Pits.
 23547 | D:11     | Found a staircase to the Orcish Mines.
 23672 | D:11     | Reached **** piety under Yredelemnul
 23790 | D:11     | Received a gift from Yredelemnul (a mummy)
 23960 | D:11     | Noticed a four-headed hydra
 23976 | D:11     | Killed a four-headed hydra
 24007 | D:11     | Noticed a six-headed hydra
 24027 | D:11     | Killed a six-headed hydra
 24027 | D:11     | Reached skill level 15 in Spellcasting
 24093 | D:11     | Found Aleozoa's Armour Emporium.
 24197 | D:11     | Noticed a four-headed hydra
 24279 | D:11     | Killed a four-headed hydra
 24291 | D:11     | Noticed a six-headed hydra
 24292 | D:11     | Killed a six-headed hydra
 24590 | Orc:1    | Entered Level 1 of the Orcish Mines
 24608 | Orc:1    | Received a gift from Yredelemnul (2 flying skulls)
 24631 | Orc:1    | Found Ucrixtil's Antique Weapon Boutique.
 24791 | Orc:1    | Found a roughly hewn altar of Beogh.
 24863 | Orc:1    | Noticed an orc high priest
 24887 | Orc:1    | Reached skill level 1 in Invocations
 25023 | Orc:1    | Learned a level 3 spell: Mephitic Cloud
 25493 | Orc:1    | Noticed an orc high priest
 25496 | Orc:1    | Noticed an orc warlord
 25498 | Orc:1    | Killed an orc high priest
 25498 | Orc:1    | Reached skill level 1 in Poison Magic
 25509 | Orc:1    | Killed an orc warlord
 25688 | Orc:1    | Killed an orc high priest
 25688 | Orc:1    | Reached skill level 1 in Conjurations
 26005 | Orc:2    | Entered Level 2 of the Orcish Mines
 26394 | Orc:1    | Reached ***** piety under Yredelemnul
 26410 | Orc:1    | Received a gift from Yredelemnul (a mummy)
 26565 | Orc:2    | Noticed a two-headed ogre
 26573 | Orc:2    | Killed a two-headed ogre
 27119 | Orc:2    | Received a gift from Yredelemnul (a wight)
 27303 | Orc:2    | Found a roughly hewn altar of Beogh.
 27645 | Orc:2    | Received a gift from Yredelemnul (a wight)
 27851 | Orc:2    | Noticed an orc warlord
 28688 | D:12     | Gained mutation: You are in touch with the powers of death. [Mummy growth]
 28688 | D:12     | Reached XP level 13. HP: 93/93 MP: 32/32
 28947 | D:12     | Found a roughly hewn altar of Beogh.
 29013 | D:12     | Received a gift from Yredelemnul (5 flying skulls)
 29046 | D:12     | Reached skill level 5 in Invocations
 29632 | D:13     | Noticed Erolcha
 29635 | D:13     | Killed Erolcha
 30332 | D:13     | Reached skill level 1 in Shields
 30361 | D:13     | Received a gift from Yredelemnul (a wight)
 30467 | D:13     | Received a gift from Yredelemnul (a wraith)
 31181 | D:13     | Found a gate to the Vaults.
 31204 | D:13     | Received a gift from Yredelemnul (a wraith)
 31234 | D:13     | Noticed Urug
 31265 | D:13     | Learned a level 3 spell: Confuse
 31299 | D:13     | Killed Urug
 31564 | D:14     | Reached skill level 1 in Hexes
 31966 | D:14     | Found a glowing golden altar of the Shining One.
 33101 | D:14     | Reached ****** piety under Yredelemnul
 33118 | D:14     | Received a gift from Yredelemnul (a flying skull)
 33457 | D:15     | Entered Level 15 of the Dungeon
 33761 | D:15     | Noticed Josephine
 33893 | D:15     | Noticed Roxanne
 34229 | Lair:6   | Received a gift from Yredelemnul (a skeletal warrior)
 34257 | Lair:6   | Killed brujo666's ghost
 34645 | Lair:6   | Reached skill level 5 in Hexes
 34786 | Lair:6   | Learned a level 3 spell: Ozocubu's Armour
 34884 | Lair:6   | Reached XP level 14. HP: 106/106 MP: 10/33
 35125 | Lair:6   | Received a gift from Yredelemnul (a vampire)
 36086 | Orc:2    | Killed an orc warlord
 36087 | Orc:2    | Received a gift from Yredelemnul (a flayed ghost)
 36629 | Orc:2    | Noticed Sonja
 36651 | Orc:2    | Killed Sonja
 36696 | Orc:2    | Noticed an orc warlord
 36715 | Orc:2    | Killed an orc warlord
 37101 | Orc:2    | Found Ygal's Gadget Boutique.
 37295 | Orc:2    | Received a gift from Yredelemnul (a vampire)
 37323 | Orc:2    | Found Agen's Distillery.
 37444 | Orc:2    | Found a staircase to the Elven Halls.
 37786 | Orc:2    | Found a roughly hewn altar of Beogh.
 37878 | Orc:2    | Found Caokhle's Assorted Antiques.
 38018 | Orc:2    | Reached skill level 5 in Ice Magic
 38031 | Orc:2    | Found Uculeoh's Antique Armour Shoppe.
 38039 | Orc:2    | Bought a pair of embroidered boots for 247 gold pieces
 38282 | Shoals:1 | Entered Level 1 of the Shoals
 38291 | Shoals:1 | Identified Hyna's Handbook of Beguiling and the Rocks (You acquired it on level 1 of the Shoals)
 38328 | Shoals:1 | Received a gift from Yredelemnul (a vampire)
 38360 | Lair:3   | Learned a level 4 spell: Throw Icicle
 39630 | Shoals:2 | Received a gift from Yredelemnul (a ghoul)
 40042 | Shoals:2 | Reached skill level 10 in Fighting
 40074 | Shoals:2 | Received a gift from Yredelemnul (a flayed ghost)
 40757 | Shoals:3 | Found Tikiv's Assorted Antiques.
 40987 | Shoals:3 | Received a gift from Yredelemnul (a ghoul)
 41030 | Shoals:3 | Got an ichor-stained quarterstaff
 41090 | Shoals:3 | Received a gift from Yredelemnul (a vampire knight)
 41808 | Shoals:4 | Entered Level 4 of the Shoals
 41812 | Shoals:4 | Noticed Ilsuiw
 41925 | Shoals:3 | Bought a thick glowing staff for 276 gold pieces
 42606 | Shoals:4 | Received a gift from Yredelemnul (a phantasmal warrior)
 42644 | Shoals:4 | Reached XP level 15. HP: 58/118 MP: 22/34
 42652 | Shoals:4 | Received a gift from Yredelemnul (a ghoul)
 42664 | Shoals:4 | Got a barnacled rune of Zot
 43359 | Shoals:4 | Learned a level 7 spell: Summon Hydra
 43389 | Shoals:4 | Killed Ilsuiw
 44314 | Spider:1 | Entered Level 1 of the Spider Nest
 44337 | Lair:4   | Received a gift from Yredelemnul (a vampire)
 44755 | Spider:1 | Reached skill level 16 in Spellcasting
 45405 | Spider:1 | Received a gift from Yredelemnul (a flayed ghost)
 45677 | Spider:2 | Received a gift from Yredelemnul (a vampire knight)
 45679 | Spider:2 | Noticed Donald
 45684 | Spider:2 | Reached skill level 17 in Spellcasting
 45686 | Spider:2 | Noticed Kirke
 45908 | Spider:2 | Killed Kirke
 45910 | Spider:2 | Killed Donald
 46212 | Spider:2 | Received a gift from Yredelemnul (a skeletal warrior)
 46243 | Spider:2 | Received a gift from Yredelemnul (a profane servitor)
 47087 | Spider:3 | Received a gift from Yredelemnul (a flayed ghost)
 47094 | Spider:3 | Reached skill level 18 in Spellcasting
 47240 | Spider:3 | Noticed Arachne
 47256 | Spider:3 | Killed Arachne
 47720 | Spider:3 | Received a gift from Yredelemnul (a flayed ghost)
 47760 | Spider:3 | Your ally Arachne died
 47947 | Spider:3 | Noticed a ghost moth
 47955 | Spider:3 | Killed a ghost moth
 47999 | Spider:3 | Noticed a ghost moth
 48009 | Spider:3 | Killed a ghost moth
 48010 | Spider:3 | Received a gift from Yredelemnul (a profane servitor)
 48428 | Spider:4 | Entered Level 4 of the Spider Nest
 48583 | Spider:4 | Received a gift from Yredelemnul (a vampire knight)
 48675 | Spider:4 | Received a gift from Yredelemnul (a skeletal warrior)
 48681 | Spider:4 | Reached XP level 16. HP: 126/126 MP: 20/38
 48686 | Spider:4 | Reached skill level 19 in Spellcasting
 48740 | Spider:4 | Received a gift from Yredelemnul (a flayed ghost)
 48933 | Spider:4 | Received a gift from Yredelemnul (a vampire)
 48963 | Spider:4 | Received a gift from Yredelemnul (a vampire knight)
 49019 | Spider:4 | Received a gift from Yredelemnul (a phantasmal warrior)
 49125 | Spider:4 | Received a gift from Yredelemnul (a skeletal warrior)
 49480 | Spider:4 | Got a gossamer rune of Zot
 50133 | D:15     | Killed Josephine
 50133 | D:15     | Reached skill level 20 in Spellcasting
 50454 | D:15     | Found a shattered altar of Ashenzari.
 50758 | D:15     | Reached skill level 15 in Summonings
 50764 | D:15     | Received a gift from Yredelemnul (a skeletal warrior)
 51117 | D:15     | Found a staircase to the Depths.
 51145 | Depths:1 | Entered Level 1 of the Depths
 51648 | Depths:1 | Received a gift from Yredelemnul (a flayed ghost)
 52059 | Depths:1 | Got an ancient great mace
 52064 | Depths:1 | Identified the cursed +1 great mace "Poschakh" {venom, rPois rF+ Stlth+} (You found it on level 1 of the Depths)
 52134 | Depths:1 | Reached skill level 21 in Spellcasting
 52231 | Depths:1 | Received a gift from Yredelemnul (a skeletal warrior)
 52736 | Depths:1 | Found a gateway to Hell.
 52778 | Depths:1 | Received a gift from Yredelemnul (a ghoul)
 53608 | Depths:2 | Received a gift from Yredelemnul (a skeletal warrior)
 53608 | Depths:2 | Received a gift from Yredelemnul (a phantasmal warrior)
 53667 | Depths:2 | Found Ufomuc's Assorted Antiques.
 53740 | Depths:2 | Noticed a tengu reaver
 53746 | Depths:1 | Reached skill level 22 in Spellcasting
 53771 | Depths:1 | Slain by a deep troll

Vault maps used:
D:1:      lordsloth_arrival_two_stooges, minmay_pentomino_t4
D:2:      kennysheep_generic_room_16
D:3:      first_ration, minmay_misc_feat_hallway,
          minmay_randomly_rotated_circles
D:4:      minmay_temple_entry_fiery, serial_bayou_pond_e, uniq_blork_the_orc
D:5:      hangedman_decor_slide_cut, kennysheep_generic_room_9, uniq_pikel
D:6:      cheibrodos_fzero, serial_bayou_crossing, uniq_edmund
D:8:      cheibrodos_wizards_tower, nicolae_ru_the_path_less_chosen, uniq_psyche
D:9:      kennysheep_okawaru_gauntlet, minitemple, lair_entry_dummy
D:10:     serial_shops, shop, uniq_harold
D:11:     kennysheep_orc_monster_closet_entryway, serial_shops,
          nicolae_shop_waterfront
D:12:     special_room
D:13:     david_vaults_5, uniq_erolcha, uniq_urug
D:14:     tso_metal_star, grunt_pizzeria, kennysheep_island_fort
D:15:     grunt_enter_depths_hoard, basic_altar, minivault_16,
          amethyst_killhole, uniq_josephine, uniq_roxanne
Temple:   eino_temple_scatter_basement
Lair:1:   minmay_lair_oklob_chamber, grunt_megastairs_5
Lair:2:   basic_altar
Lair:3:   elwin_shoals_entry_rooms
Lair:4:   spider_nest_entry_funnel_web, lab_entry_generic, lemuel_fruit_fields
Lair:5:   pf_torpor_hydra
Lair:6:   gammafunk_lair_ancient_temple, slime_dummy
Shoals:3: nzn_motion_control, serial_shops, nicolae_shop_crystal
Shoals:4: shoals_end_simple, shoals_ilsuiw_ice, hangedman_shoal_volcano
Spider:2: minmay_another_anthill, uniq_donald, uniq_kirke
Spider:3: uniq_arachne
Spider:4: guppyfry_spider_rune, spider_trap, nicolae_orb_stairs
Orc:1:    serial_shops, nicolae_shop_crystal, basic_altar, elf_legates
Orc:2:    pubby_orc_utopia, serial_shops, uniq_sonja
Depths:1: hangedman_elemental_death_ray, pf_hell_entry_great_geh,
          hangedman_cracks_in_the_wall
Depths:2: evilmike_horseshoe, enter_ziggurat_c, lightli_too_deep,
          nrook_mini_backslash, serial_shops, bzr_in_the_mist,
          nicolae_shop_stone, kennysheep_mini, rand_demon_pan_entry_4,
          nzn_random_ring
Lab:      labyrinth_mini_lab

Skill      XL: |  1  2  3  4  5  6  7  8  9 10 11 12 13 14 15 16 |
---------------+-------------------------------------------------+-----
Spellcasting   | 3 4 6 7 9 12 14 15 18 22 | 22.0
Summonings     | 6 7 9 10 12 13 14 15 | 15.0
Ice Magic      | 3 6 |  6.0
Air Magic      | 1 3 |  3.0
Fighting       | 4 6 8 11 | 11.6
Translocations | 1 3 |  3.0
Invocations    | 4 6 |  6.0
Poison Magic   | 3 |  3.0
Conjurations   | 2 |  2.0
Shields        | 4 |  4.0
Hexes          | 5 |  5.0
Dodging        | |  1.8
Stealth        | |  1.8

Action                   |  1- 3 |  4- 6 |  7- 9 | 10-12 | 13-15 | 16-18 || total
-------------------------+-------+-------+-------+-------+-------+-------++-------
Melee: Short sword       |    80 |    62 |    19 |       |       |       ||   161
       Unarmed           |     2 |       |       |       |       |       ||     2
       Hand axe          |       |    17 |       |       |       |       ||    17
       Whip              |       |       |    65 |       |       |       ||    65
       Staff             |       |       |     7 |    36 |   148 |     7 ||   198
 Cast: Summon Small Mamm |    46 |    69 |    58 |    20 |     3 |     1 ||   197
       Call Imp          |    18 |    56 |    90 |    35 |    11 |       ||   210
       Call Canine Famil |       |     8 |    50 |    44 |    22 |       ||   124
       Summon Ice Beast  |       |       |    61 |   354 |   310 |     5 ||   730
       Summon Lightning  |       |       |    28 |    97 |   193 |     6 ||   324
       Blink             |       |       |       |     7 |     2 |       ||     9
       Mephitic Cloud    |       |       |       |       |    48 |     9 ||    57
       Confuse           |       |       |       |       |    32 |     3 ||    35
       Ozocubu's Armour  |       |       |       |       |    28 |       ||    28
       Throw Icicle      |       |       |       |       |     3 |     1 ||     4
       Summon Hydra      |       |       |       |       |    20 |    39 ||    59
Invok: Animate Dead      |       |       |       |    23 |   148 |    31 ||   202
       Recall Undead Sla |       |       |       |       |    17 |    32 ||    49
       Drain Life        |       |       |       |       |     3 |     1 ||     4
       Stop Recall       |       |       |       |       |     5 |     2 ||     7
Evoke: Wand              |       |       |     2 |     7 |    18 |     2 ||    29
  Use: Scroll            |       |     3 |     2 |    22 |    12 |     9 ||    48
 Stab: Distracted        |     1 |     3 |     1 |     1 |     3 |     2 ||    11
       Sleeping          |     1 |     1 |     3 |       |       |       ||     5
Armor: Robe              |    36 |    39 |    20 |    46 |    93 |    20 ||   254
Dodge: Dodged            |    93 |   105 |    94 |    86 |   185 |    28 ||   591
Block: Buckler           |       |       |       |       |    62 |    20 ||    82

Table legend:
 A = Spawn XP
 B = Non-spawn XP
 C = Spawn XP percentage of total XP
 D = Spawn monster count
 E = Non-spawn monster count
 F = Spawn count percentage of total count
 G = Total turns spent on level
                    A         B        C        D         E        F      G
               +---------+---------+-------+---------+---------+-------+---------
         Total |       0 |  210239 |   0.0 |       0 |    1382 |   0.0 | 53771
               +---------+---------+-------+---------+---------+-------+---------
           D:1 |       0 |      52 |   0.0 |       0 |      32 |   0.0 |  1048
           D:2 |       0 |      96 |   0.0 |       0 |      34 |   0.0 |  1340
           D:3 |       0 |     145 |   0.0 |       0 |      32 |   0.0 |  1455
           D:4 |       0 |     639 |   0.0 |       0 |      18 |   0.0 |  1564
           D:5 |       0 |     590 |   0.0 |       0 |      20 |   0.0 |  1896
           D:6 |       0 |     704 |   0.0 |       0 |      18 |   0.0 |  2202
           D:7 |       0 |     286 |   0.0 |       0 |      16 |   0.0 |  1360
           D:8 |       0 |    1804 |   0.0 |       0 |      30 |   0.0 |  1990
           D:9 |       0 |     876 |   0.0 |       0 |      22 |   0.0 |  1330
          D:10 |       0 |    1591 |   0.0 |       0 |      30 |   0.0 |  1432
          D:11 |       0 |    4314 |   0.0 |       0 |      66 |   0.0 |  1294
          D:12 |       0 |    2419 |   0.0 |       0 |      48 |   0.0 |  1501
          D:13 |       0 |    9323 |   0.0 |       0 |      61 |   0.0 |  1993
          D:14 |       0 |    6281 |   0.0 |       0 |      45 |   0.0 |  2415
          D:15 |       0 |    8459 |   0.0 |       0 |      45 |   0.0 |  1066
        Lair:1 |       0 |    2227 |   0.0 |       0 |      22 |   0.0 |  1656
        Lair:2 |       0 |    2086 |   0.0 |       0 |      16 |   0.0 |  1525
        Lair:3 |       0 |    3483 |   0.0 |       0 |      24 |   0.0 |  1725
        Lair:4 |       0 |    5296 |   0.0 |       0 |      27 |   0.0 |  1812
        Lair:5 |       0 |    3505 |   0.0 |       0 |      20 |   0.0 |  1633
        Lair:6 |       0 |   12226 |   0.0 |       0 |      62 |   0.0 |  1616
      Shoals:1 |       0 |    8080 |   0.0 |       0 |      27 |   0.0 |  1226
      Shoals:2 |       0 |    6369 |   0.0 |       0 |      27 |   0.0 |  1159
      Shoals:3 |       0 |    5920 |   0.0 |       0 |      23 |   0.0 |  1351
      Shoals:4 |       0 |   17718 |   0.0 |       0 |      57 |   0.0 |  1807
      Spider:1 |       0 |   10131 |   0.0 |       0 |      63 |   0.0 |  1670
      Spider:2 |       0 |   12367 |   0.0 |       0 |      77 |   0.0 |   986
      Spider:3 |       0 |   11550 |   0.0 |       0 |      53 |   0.0 |  1528
      Spider:4 |       0 |   22087 |   0.0 |       0 |      96 |   0.0 |  1224
         Orc:1 |       0 |    5388 |   0.0 |       0 |      53 |   0.0 |  2157
         Orc:2 |       0 |   11630 |   0.0 |       0 |     127 |   0.0 |  3475
      Depths:1 |       0 |   23724 |   0.0 |       0 |      70 |   0.0 |  2503
      Depths:2 |       0 |    8873 |   0.0 |       0 |      21 |   0.0 |   123
               +---------+---------+-------+---------+---------+-------+---------
